 Dungeon Crawl Stone Soup version 0.22.0-6-g71bd7aa (webtiles) character file.

74 corax the Skirmisher (level 4, -1/35 HPs)
             Began as a Mummy Abyssal Knight on Aug 15, 2018.
             Was a Believer of Lugonu.
             Slain by a hobgoblin (2 damage)
             ... led by Robin
             ... on level 3 of the Dungeon.
             The game lasted 00:05:02 (1511 turns).

corax the Skirmisher (Mummy Abyssal Knight)         Turns: 1511, Time: 00:05:02

Health: -1/35      AC:  6    Str: 16    XL:     4   Next: 10%
Magic:  5/5        EV: 11    Int: 11    God:    Lugonu [**....]
Gold:   91         SH:  0    Dex: 11    Spells: 3/3 levels left

rFire    x . .     SeeInvis .   a - +1 mace
rCold    + . .     Gourm    .   (no shield)
rNeg     + + +     Faith    .   b - +0 leather armour
rPois    ∞         Spirit   .   k - +0 helmet
rElec    .         Reflect  .   h - +0 cloak (curse)
rCorr    +         Harm     .   j - +0 pair of gloves
MR       .....                  (no boots)
Stlth    +.........             (no amulet)
HPRegen  0.11/turn              e - ring of resist corrosion
MPRegen  0.09/turn              (no ring)

@: no status effects
A: no food or potions, fire vulnerability, cold resistance 1, negative energy
resistance 3, torment resistance, unbreathing
a: Depart the Abyss, Bend Space, Renounce Religion


You were on level 3 of the Dungeon.
You worshipped Lugonu.
Lugonu was pleased with you.
You were not hungry.

You visited 1 branch of the dungeon, and saw 3 of its levels.
You visited the Abyss 1 time.

You collected 91 gold pieces.

Inventory:

Hand Weapons
 a - a +1 mace (weapon)
Armour
 b - a +0 leather armour (worn)
 h - a cursed +0 cloak (worn)
 j - a +0 pair of gloves (worn)
 k - a +0 helmet (worn)
Jewellery
 e - a ring of resist corrosion (left hand)
Scrolls
 c - a scroll of random uselessness {unknown}
 d - a scroll of amnesia {unknown}
 f - 2 scrolls of fear {unknown}
 g - 3 scrolls of teleportation {unknown}
 i - 3 scrolls of identify {unknown}
 l - a scroll of remove curse {unknown}


   Skills:
 + Level 3.4 Fighting
 + Level 2.1 Maces & Flails
 + Level 2.1 Armour
 + Level 1.5 Dodging
 + Level 2.1 Invocations


You had 3 spell levels left.
You didn't know any spells.
Your spell library was empty.

Dungeon Overview and Level Annotations

Branches:
Dungeon (3/15)

Altars:
Fedhas

Annotations:
D:2 Terence
D:3 Robin


Innate Abilities, Weirdness & Mutations

You do not eat or drink.
Your flesh is vulnerable to fire.
You are immune to poison.
Your flesh is cold resistant. (rC+)
You are immune to negative energy. (rN+++)
You are immune to unholy pain and torment.
You can survive without breathing.


Message History

The goblin no longer looks unusually strong.
The bat hits you.
* * * LOW HITPOINT WARNING * * *
The bat barely misses you.
The goblin shoots a sling bullet.
The sling bullet barely misses you.
You hit the kobold.
You kill the kobold!
Lugonu accepts your kill.
The bat hits you but does no damage. x2; The goblin shoots a sling bullet.
The sling bullet barely misses you. The bat barely misses you.
The goblin shoots a sling bullet.
The sling bullet hits you but does no damage.
You closely miss the bat. The bat hits you.
* * * LOW HITPOINT WARNING * * *
Robin roars a battlecry!
The goblins go into a battle-frenzy!
The hobgoblin hits you but does no damage.
You hit the hobgoblin but do no damage. The bat hits you but does no damage.
The hobgoblin hits you.
You die...

############
###########...(.≈≈≈...
#....g.K.gg.##...≈≈≈.#
##gg##########...≈_≈.#
##gg@.# ####(.g≈≈≈..
####b.# #.....)g....
...(..#####.####
#.#### #g### .. #...##
### ###.#. #... ##..
#...


You could see Robin, 2 hobgoblins, a goblin and a bat.

Vanquished Creatures
  2 adders (D:3)
  An ooze (D:1)
  3 dart slugs (D:1)
  6 bats (D:1)
  2 giant cockroaches (D:1)
  2 hobgoblins (D:1)
  8 kobolds
  A quokka (D:2)
  A ball python (D:2)
  A frilled lizard (D:2)
  11 goblins
  8 rats (D:1)
46 creatures vanquished.

Notes
Turn   | Place    | Note
-------+----------+-------------------------------------------
     0 | Abyss:1  | corax the Mummy Abyssal Knight began the quest for the Orb.
     0 | Abyss:1  | Reached XP level 1. HP: 18/18 MP: 2/2
    90 | Abyss:1  | Noticed a black draconian
   103 | D:1      | Escaped the Abyss
   134 | D:1      | Reached skill level 1 in Dodging
   145 | D:1      | Reached XP level 2. HP: 21/24 MP: 3/3
   188 | D:1      | Reached * piety under Lugonu
   362 | D:1      | Reached XP level 3. HP: 4/29 MP: 4/4
   789 | D:2      | Noticed Terence
  1446 | D:3      | Found a blossoming altar of Fedhas.
  1459 | D:3      | Noticed Robin
  1462 | D:3      | Reached ** piety under Lugonu
  1473 | D:3      | Reached XP level 4. HP: 29/35 MP: 5/5
  1510 | D:3      | HP: 1/35 [bat (1)]
  1511 | D:3      | Slain by a hobgoblin

Skill      XL: |  1  2  3 |
---------------+----------+-----
Dodging        | 1 |  1.5
Invocations    | 2 |  2.1
Armour         | 2 |  2.1
Maces & Flails | 2 |  2.1
Fighting       | |  3.4

Action                   |  1- 3 |  4- 6 || total
-------------------------+-------+-------++-------
Melee: Mace              |   126 |    18 ||   144
Invok: Depart the Abyss  |     1 |       ||     1
Armor: Leather armour    |    60 |    18 ||    78
Dodge: Dodged            |   131 |    27 ||   158
